 Dungeon Crawl Stone Soup version 0.31-a0-986-g5e6e4ef867 (webtiles) character file.

Game seed: 5951060515895497800

1067 Danienth the Changeling (level 8, -7/56 HPs)
             Began as a Djinni Shapeshifter on Nov 11, 2023.
             Was an Initiate of Gozag.
             Mangled by a yak (14 damage)
             ... on level 5 of the Dungeon.
             The game lasted 00:26:40 (5898 turns).

Danienth the Changeling (Djinni Shapeshifter)       Turns: 5898, Time: 00:26:41

Health: -7/56      AC:  4    Str: 13    XL:     8   Next: 53%
Gold:   295        EV: 12    Int: 17    God:    Gozag SH:  0 Dex: 16

rFire   + +          +
                       - Unarmed
rCold   . . .        (no shield)
rNeg    . . .        a - +2 animal skin
rPois   ∞            (no helmet)
rElec   .            s - scarf {rC+ rF+}
rCorr   .            (no gloves)
SInv    .            (boots unavailable)
Will    +....        (no amulet)
Stlth   +            o - +6 ring of intelligence
HPRegen 0.29/turn    j - ring of willpower
MPRegen 0.00/turn

%: infuse magic (-8 HP)
@: flying
A: sickness immunity, fire resistance 2, cold vulnerability 1, float, innate
caster, HP casting, extra vitality 1
a: Renounce Religion, Potion Petition, Call Merchant, Bribe Branch


You were on level 5 of the Dungeon.
You worshipped Gozag.
Gozag was aware of your devotion.
You visited 2 branches of the dungeon, and saw 6 of its levels.
You also visited: Ossuary.

You collected 386 gold pieces.
You paid 91 gold pieces to Gozag.

Inventory:

Hand Weapons
 f - a +3 heavy sling
 A - a +0 antimagic whip
Missiles
 e - 5 javelins
 r - 3 poisoned darts (quivered)
Armour
 a - a +2 animal skin (worn)
 p - a +0 cloak
 s - a scarf of resistance (worn)
Jewellery
 j - a ring of willpower (right hand)
 m - a ring of protection from fire
 o - a +6 ring of intelligence (left hand)
Talismans
 c - a beast talisman
 d - a flux talisman
Wands
 i - a wand of flame (11)
Potions
 b - a potion of lignification
 g - 2 potions of haste
 h - a potion of degeneration {unknown}
 k - a potion of might {unknown}
 l - a potion of resistance
 n - 3 potions of cancellation {unknown}
 q - a potion of enlightenment {unknown}
 t - a potion of magic {unknown}
 u - a potion of brilliance {unknown}
 w - a potion of heal wounds


   Skills:
 + Level 3.4 Fighting
 + Level 3.2 Ranged Weapons
 - Level 2.1 Dodging
 + Level 4.3 Unarmed Combat
 - Level 2.1 Spellcasting
 - Level 2.1 Conjurations
 - Level 2.1 Hexes
 - Level 2.1 Summonings
 - Level 2.1 Necromancy
 - Level 2.1 Translocations
 - Level 2.1 Transmutations
 - Level 2.1 Fire Magic
 - Level 2.1 Ice Magic
 - Level 2.1 Air Magic
 - Level 2.1 Earth Magic
 - Level 2.1 Poison Magic
 - Level 5.9 Shapeshifting


You knew the following spells:

 Your Spells              Type           Power      Damage    Failure   Level
a - Kiss of Death         Conj/Necr      36%        2d8       8%          1
b - Static Discharge      Conj/Air       18%        3-4/arc   12%         2
c - Call Imp              Summ           18%        N/A       12%         2
Your spell library was empty.

Dungeon Overview and Level Annotations

Branches:
Dungeon (5/15)             Temple (1/1) D:4         Ossuary (visited)

Altars:
Ashenzari
Dithmenos
Elyvilon
Fedhas
Gozag
Hepliaklqana
Makhleb
Nemelex Xobeh
Okawaru
Qazlal
Uskayaw
Wu Jian
Xom
Yredelemnul
Zin
The Shining One

Shops:
D:1 *   D:4 *


Innate Abilities, Weirdness & Mutations

You are immune to sickness and miasma.
You are immune to poison.
Your flesh is very heat resistant. (rF++)
You are vulnerable to cold. (rC-)
You float through the air rather than walking.
You learn spells naturally, not from books.
Your magical power is your life essence.
You have superior vitality. (+4 MHP)


Message History

You miscast Static Discharge.
You are very lightly contaminated with residual magic.
Nothing appears to happen.
The yak gores you!
Casting: Static Discharge (safe; 12% risk of failure)
Confirm with . or Enter, or press ? or * to list all spells.
A tiny devil pulls itself out of the air.
* * * LOW HITPOINT WARNING * * *
The yak gores you.
* * * LOW HITPOINT WARNING * * *
Your cerulean imp hits the yak but does no damage.
The yak attacks as it pursues you! The yak barely misses you.
Your cerulean imp barely misses the yak.
Your cerulean imp hits the yak but does no damage.
The yak attacks as it pursues you! The yak gores you.
* * * LOW HITPOINT WARNING * * *
Your cerulean imp hits the yak with a -4 spear.
You are too injured to fight recklessly!
Okay, then.
You are now empty-handed.
Attack: -) Nothing wielded
Press: ? - help, Dir - move target, f - yak, p - iguana
Aim: a yak (ally target, about 24% to evade your hands)
You hit the yak. You punch the yak, but do no damage.
The yak is lightly wounded.
The yak gores you.
* * * LOW HITPOINT WARNING * * *
Your cerulean imp barely misses the yak.
Your magical contamination has completely faded away.
Attack: -) Nothing wielded
Press: ? - help, Dir - move target, f/p - yak
Aim: a yak (lightly wounded, ally target, about 24% to evade your hands)
You hit the yak.
The yak is lightly wounded.
The yak closely misses you.
Your cerulean imp barely misses the yak.
The yak misses you.
The yak gores something!!
The yak attacks as it pursues you! The yak gores you but does no damage.
The yak attacks as it pursues you! The yak gores you!
You die...
Your body crumbles into a pile of gold.

..,,,,,,,,..# *,**###.##.[##...
..********#.# *...........)....
..*** #.# *..####.##..##.## ...,*
#.# *..# #..........
..#########.### *..# #..........
..............###..####.##..#.#.#
.......####.#.##......(.,#..#....
#..####YY..Y................#...#
#..# #5###.#.##@#.####..##......
#..####.# #.#.##Y#.#.##..##......
#....##.###..lY......##.........#
Y...........#.##.#...##.....#....
.........##.#.##.#...##..##.#...#
.#..#######.#.##.#..........#..##
.#..# **#.#.##................#
.#..# *,..#.##.##..###.##.#..##
.#..#*###,###.##.##..# #.##.#..#


You could see 2 yaks.

Vanquished Creatures
  A yak (D:4)
  A black bear (D:4)
  An ogre (D:4)
  A scorpion (D:5)
  2 centaur zombies (Ossuary)
  A hound (D:4)
  A gnoll bouda (D:5)
  2 sleepcaps (D:5)
  Natasha (thrice) (D:4)
  4 iguanas
  2 orc wizards (D:5)
  6 mummies (Ossuary)
  8 gnolls (D:5)
  2 adders
  2 ufetubi (D:5)
  A worm (D:3)
  3 dart slugs
  9 orcs
  7 ball pythons
  10 bats
  5 endoplasms
  4 giant cockroaches
  7 goblins
  7 hobgoblins
  5 jackals
  12 kobolds
  4 quokkas
  2 frilled lizards
  3 hobgoblin zombies (Ossuary)
  9 rats
125 creatures vanquished.

Notes
Turn   | Place    | Note
-------+----------+-------------------------------------------
     0 | D:1      | Danienth the Djinni Shapeshifter began the quest for the
                  | Orb.
     0 | D:1      | Reached XP level 1. HP: 17/17 MP: 0/0
    56 | D:1      | Reached XP level 2. HP: 22/22 MP: 0/0
   170 | D:1      | Found Ugagem's Assorted Antiques.
   181 | D:1      | Reached XP level 3. HP: 25/27 MP: 0/0
   181 | D:1      | Learned a level 1 spell: Kiss of Death
   494 | D:1      | Reached skill level 3 in Shapeshifting
   672 | D:1      | Reached skill level 1 in Ranged Weapons
   865 | D:2      | Reached XP level 4. HP: 33/33 MP: 0/0
  1519 | D:3      | Found a faded altar of an unknown god.
  1711 | D:3      | Reached XP level 5. HP: 38/38 MP: 0/0
  1711 | D:3      | Learned a level 2 spell: Static Discharge
  2323 | D:4      | Found Loraweob's Overcharged Wands.
  2330 | D:4      | Noticed a black bear
  2338 | D:4      | Killed a black bear
  2339 | D:4      | Reached XP level 6. HP: 45/45 MP: 0/0
  2662 | D:4      | Noticed an ogre
  2667 | D:4      | Killed an ogre
  2668 | D:4      | Reached XP level 7. HP: 50/50 MP: 0/0
  2668 | D:4      | Learned a level 2 spell: Call Imp
  2738 | D:4      | Noticed Natasha
  2742 | D:4      | Killed Natasha
  2743 | D:4      | Reached skill level 4 in Shapeshifting
  2799 | D:4      | Found a staircase to the Ecumenical Temple.
  2812 | D:4      | Found a shadowy altar of Dithmenos.
  2813 | D:4      | Found a blossoming altar of Fedhas.
  2852 | D:4      | Noticed Natasha
  2857 | D:4      | Killed Natasha
  3133 | D:5      | Entered Level 5 of the Dungeon
  3146 | D:5      | Noticed a yak
  3146 | D:5      | Noticed a yak
  3147 | D:5      | Noticed a yak
  3148 | D:5      | Noticed a yak
  3165 | D:4      | Killed a yak
  3166 | D:4      | Reached skill level 1 in Spellcasting
  3166 | D:4      | Reached skill level 1 in Conjurations
  3166 | D:4      | Reached skill level 1 in Hexes
  3166 | D:4      | Reached skill level 1 in Summonings
  3166 | D:4      | Reached skill level 1 in Necromancy
  3166 | D:4      | Reached skill level 1 in Translocations
  3166 | D:4      | Reached skill level 1 in Transmutations
  3166 | D:4      | Reached skill level 1 in Fire Magic
  3166 | D:4      | Reached skill level 1 in Ice Magic
  3166 | D:4      | Reached skill level 1 in Air Magic
  3166 | D:4      | Reached skill level 1 in Earth Magic
  3166 | D:4      | Reached skill level 1 in Poison Magic
  3430 | D:5      | Found a sand-covered staircase.
  3435 | Ossuary  | Entered an ossuary
  3454 | Ossuary  | Reached skill level 5 in Shapeshifting
  3474 | Ossuary  | Reached XP level 8. HP: 56/56 MP: 0/0
  4903 | D:5      | HP: 1/56 [gnoll/+0 whip[a gnoll bouda] (3)]
  5154 | Temple   | Entered the Ecumenical Temple
  5176 | Temple   | Became a worshipper of Gozag Ym Sagoz the Greedy
  5203 | D:4      | Noticed Natasha
  5207 | D:4      | Killed Natasha
  5301 | D:5      | Noticed a yak
  5898 | D:5      | Mangled by a yak

Illustrated notes

Levels and vault maps discovered:
D:1:      spicycebolla_arrival_clurvy, layout_basic, serial_shops, shop,
          minmay_small_reverse_x
D:2:      layout_rooms
D:3:      layout_loops_ring, basic_ecumenical_altar
D:4:      layout_loops_ring, nicolae_overflow_two_pavilions,
          minmay_temple_entry_mist, minmay_strange_pillars,
          columned_hall_lemuel, nicolae_shop_overcharged_wands, uniq_natasha
D:5:      layout_basic, nicolae_ossuary_entry_plus, uniq_edmund
Temple:   eino_temple_rhombus

Skill      XL: |  1  2  3  4  5  6  7  8 |
---------------+-------------------------+-----
Shapeshifting  | 3 5 |  5.9
Ranged Weapons | 1 2 3 |  3.2
Fighting       | 2 3 |  3.4
Unarmed Combat | 4 |  4.3
Spellcasting   | 1 2 |  2.1
Conjurations   | 1 2 |  2.1
Hexes          | 1 2 |  2.1
Summonings     | 1 2 |  2.1
Necromancy     | 1 2 |  2.1
Translocations | 1 2 |  2.1
Transmutations | 1 2 |  2.1
Fire Magic     | 1 2 |  2.1
Ice Magic      | 1 2 |  2.1
Air Magic      | 1 2 |  2.1
Earth Magic    | 1 2 |  2.1
Poison Magic   | 1 2 |  2.1
Dodging        | |  2.1

Action                     |  1- 3 |  4- 6 |  7- 9 || total
---------------------------+-------+-------+-------++-------
  Melee: Unarmed           |    11 |    18 |    23 ||    52
         Punch             |       |       |     2 ||     2
   Fire: Sling             |    70 |    87 |   136 ||   293
  Throw: Dart              |       |     2 |       ||     2
   Cast: Call Imp          |       |       |     2 ||     2
         Static Discharge  |       |       |     3 ||     3
Ability: Begin Untransform |       |     1 |     1 ||     2
    Use: Scroll            |       |     3 |    13 ||    16
         Potion            |       |       |     7 ||     7
 Armour: Animal skin       |    28 |    30 |   118 ||   176
  Dodge: Dodged            |    40 |    41 |   117 ||   198
   Form: Beast             |       |     1 |       ||     1

Table legend: (Time is in decaauts)
 A = Elapsed time spent in this place.
 B = Non-inter-level travel time spent in this place.
 C = Inter-level travel time spent in this place.
 D = Time resting spent in this place.
 E = Time spent auto-exploring this place.
 F = Levels seen in this place.
 G = Mean time per level.
                   A        B        C        D        E       F      G
               +--------+--------+--------+--------+--------+-----+--------+
         Total |   6164 |   5862 |    302 |   2050 |   2790 |   7 |  880.6 |
       Dungeon |   4706 |   4421 |    285 |    764 |   2757 |   5 |  941.2 |
        Temple |     32 |     15 |     17 |      0 |     12 |   1 |   32.0 |
       Ossuary |   1425 |   1425 |      0 |   1286 |     21 |   1 | 1425.0 |
               +--------+--------+--------+--------+--------+-----+--------+

Top non-repeatable levels by time:
     D:4: 1698 daAuts
 Ossuary: 1425 daAuts
     D:5: 872 daAuts
     D:1: 829 daAuts
     D:3: 719 daAuts
     D:2: 588 daAuts
  Temple: 32 daAuts
